woodfighter, chaotic female human Healer ----- |...| ------------- |...| #+...........| |>...###########|..........#| --.-- # #----.-------- ## #)# ######### ## # # #`################## @f # # -.--o-- ### ### |......####### # # |....B| # ----|--# |.....| ### |.....|# |.....| # |..^...# |.....| ### ------ |.....| ------- # |....| |......############### ##.....+ ------- |.<..| |..... ------ woodfighter the Empiric Experience level: 3 Strength: 14 Dexterity: 9 Constitution: 14 Intelligence: 11 Wisdom: 15 Charisma: 18 Health: 0(24) Energy: 23(25) Def: 3 Gold: 2208 Moves: 1851 Dungeon seed: GrRqSF-XLyh_piFC Game ID: woodfighter_1505238507 Your Inventory: Coins $ - 2208 gold pieces Weapons a - a +0 scalpel (weapon in hand) Armor e - an uncursed +1 pair of leather gloves (being worn) n - a cursed +0 helm of opposite alignment (being worn) z - a cursed -3 pair of fumble boots Comestibles k - 6 blessed eucalyptus leaves l - 4 blessed sprigs of wolfsbane v - 3 uncursed tripe rations F - 3 uncursed food rations G - an uncursed sprig of wolfsbane Scrolls p - an uncursed scroll of destroy armor y - 2 uncursed scrolls of scare monster E - an uncursed scroll of enchant weapon H - an uncursed scroll of teleportation Spellbooks h - a blessed spellbook of healing i - a blessed spellbook of extra healing j - a blessed spellbook of stone to flesh I - an uncursed spellbook of jumping J - an uncursed spellbook of restore ability Potions c - 4 uncursed potions of healing d - a blessed potion of healing f - 4 uncursed potions of extra healing w - an uncursed potion of blindness C - a cursed potion of monster detection Wands g - a wand of sleep (0:8) q - a wand of enlightenment (0:15) D - a wand of teleportation (0:8) Tools b - an uncursed stethoscope r - an uncursed lock pick Spells and supernatural/magical abilities: Name Level Category Fail Memory h - healing 1 healing 19% 91% x - extra healing 3 healing 40% 91% S - stone to flesh 3 healing 55% 91% W - pray for help -- divine ? -- Your skills at the end: Miscellaneous Skills wands [Basic] Weapon Skills knife [Basic] Spellcasting Skills healing spells [Basic] Final Attributes: You had strayed. You were poison resistant. You were somewhat stealthy. You are dead. Vanquished creatures: an iguana 2 coyotes a hobbit 2 geckos a hobgoblin a yellow mold a red mold 2 jackals a fox 8 newts a sewer rat a kobold zombie 22 creatures vanquished. Voluntary challenges: You did not adorn yourself with jewelry or accessories. You did not cause conflict. You were not invisible. You did not have reflection. You were not displaced. You were an atheist. You used a wielded weapon 44 times, starting on turn 5. You did not apply a unicorn horn. You did not use plumbed fixtures. You did not drink any magical draughts. You were illiterate. You never genocided any monsters. You never polymorphed an object. You never changed form. You used no wishes. You never split a pudding. You never wrote Elbereth's name. You violated your moral code, losing 1 point of alignment, starting on turn 258. Dungeon overview: The Dungeons of Doom: levels 1 to 7 Level 1 (box) a long staircase Level 2 a jewelry store Level 3 stairs to The Gnomish Mines Level 4 a fountain Level 5 <- You were here a sink Level 6 Level 7 The Gnomish Mines: Level 4 stairs to The Dungeons of Doom History has recorded: On T:1 you entered the Dungeons of Doom to retrieve the Amulet of Yendor! On T:129 you reached level 2 of The Dungeons of Doom. On T:382 you reached level 3 of The Dungeons of Doom. On T:785 you reached level 4 of The Dungeons of Doom. On T:929 you reached level 1 of The Gnomish Mines. On T:1129 you advanced to experience level 2. On T:1152 you reached level 5 of The Dungeons of Doom. On T:1506 you reached level 6 of The Dungeons of Doom. On T:1523 you reached level 7 of The Dungeons of Doom. On T:1615 you advanced to experience level 3. Score breakdown: Gold: 459 ( 45 points) Experience: 3 levels ( 200 points) Exploration: 7 levels ( 180 points) Discoveries: 13 items ( 650 points) Variety of kills: 12 monsters ( 600 points) Major goal: (nothing yet) ( 0 points) Survival: died (score multiplied by 3) Total score: 5025 Latest messages: The hill orc is suddenly moving faster. The hill orc wields a curved sword! You slash the hill orc. The hill orc is moderately wounded. The hill orc swings her curved sword at you. The hill orc slashes you! Kitty bites the hill orc. (2x) The hill orc punches kitty. You slash the hill orc. The hill orc is moderately wounded. The hill orc turns to flee! Kitty misses the hill orc. You slash the hill orc. The hill orc is moderately wounded. The hill orc swings her curved sword at you. The hill orc slashes you! Kitty misses the hill orc. Kitty bites the hill orc. The hill orc swings her curved sword at kitty. The hill orc misses kitty. You feel hungry. You fail to cast the spell correctly. The hill orc swings her curved sword at you. The hill orc hacks you! You die... Final status: Goodbye woodfighter the Healer, killed by a hill orc... You died in The Dungeons of Doom on dungeon level 5 with 5025 points, and 2208 pieces of gold, after 1851 moves. You were level 3 with a maximum of 24 hit points when you died.